 Dungeon Crawl Stone Soup version 0.14-a0-1969-g2c76abe (webtiles) character file.

144 Kae the Insei (level 4, -1/35 HPs)
             Began as a Draconian Transmuter on Jan 16, 2014.
             Slain by an orc wizard
             ... wielding a -1,+1 orcish club
              (2 damage)
             ... on Level 3 of the Dungeon.
             The game lasted 00:02:13 (1516 turns).

Kae the Insei (Draconian Transmuter)                Turns: 1516, Time: 00:02:13

HP  -1/35        AC  5     Str 17      XL: 4   Next:  9%
MP   7/7         EV 12     Int 12 (14) God:
Gold 70          SH  0     Dex 12      Spells:  1 memorised,  6 levels left

rFire  . . .     SeeInvis .       - Unarmed
rCold  . . .     Clarity  .     (armour unavailable)
rNeg   . . .     Conserve .     (no shield)
rPois  .         rCorr    .     (helmet restricted)
rElec  .         rRot     .     (no cloak)
SustAb . .       Spirit   .     (no gloves)
rMut   .         Warding  .     (no boots)
Saprov . . .     Stasis   .     (no amulet)
MR     .....                    (no ring)
                                (no ring)

@: appendage (expiring), confused, mighty, very slightly contaminated, hasted,
very quick, not resistant to hostile enchantments, very unstealthy
A: unfitting armour, horns 2, AC +5
a: End Transformation


You were on level 3 of the Dungeon.
You were very hungry.
You had grown temporary horns.
You visited 1 branch of the dungeon, and saw 3 of its levels.

You collected 70 gold pieces.

Inventory:

Missiles
 b - 12 arrows
Comestibles
 a - a bread ration
Scrolls
 c - a scroll of blinking {unknown}
 e - a scroll of enchant armour {unknown}
 f - a scroll of curse jewellery {unknown}
 g - 3 scrolls of remove curse {unknown}
 h - 2 scrolls of curse armour {unknown}
 i - a scroll of amnesia {unknown}
 l - 4 scrolls of identify {unknown}
 n - a scroll of enchant weapon II {unknown}
Potions
 j - a potion of speed
Books
 d - a book of Changes

   Spells                             Type                      Level
   *Beastly Appendage                 Transmutation                1
   Sticks to Snakes                   Transmutation                2
   Spider Form                        Transmutation/Poison         3
   Ice Form                           Ice/Transmutation            4
   Blade Hands                        Transmutation                5


   Skills:
 - Level 1.1 Fighting
 - Level 1.7 Dodging
 * Level 4.3 Unarmed Combat
 - Level 2.0 Spellcasting
 + Level 3.0 Transmutations


You had 6 spell levels left.
You knew the following spells:

 Your Spells              Type           Power        Failure   Level  Hunger
a - Beastly Appendage     Trmt           #.....       10%         1    ##.....


Dungeon Overview and Level Annotations

Branches:
Dungeon (3/16)

Altars:


Innate Abilities, Weirdness & Mutations

Your plain brown scales are hard (AC +5).
Your body does not fit into most forms of armour.
Your cold-blooded metabolism reacts poorly to cold.
You have a pair of horns on your head.


Message History

* * * LOW HITPOINT WARNING * * *
Drink which item? (? for menu, Esc to quit)
It has a very clean taste.
It was a potion of cure mutation.
Something hits you.
* * * LOW HITPOINT WARNING * * *
Something hits you but does no damage.
You hear some strange, mumbled words.
The magic dart hits you!
Unknown command.
Unknown command.
You closely miss something. You headbutt something.
Unknown command.
Drink which item? (? for menu, Esc to quit)
Okay, then.
You're too confused!
Drink which item? (? for menu, Esc to quit)
Okay, then.
Unknown command.
Something hits you.
You die...

#........#.####
#.............#
#........#.##.#
#.......##.##.###
#..........#....#
#..#+#..........+
#..#...#####....#
#..#########....#
#.@...........###
#.##########..#
#)# #..# #.# #..#
#.# #..# #.# #..#
#.# #..# #.. #..#
### .


There were no monsters in sight!

Vanquished Creatures
  An orc wizard (D:3)
  A giant mite (D:2)
  An ooze (D:1)
  2 orcs (D:3)
  2 bats (D:1)
  2 giant cockroaches (D:2)
  5 goblins
  9 hobgoblins
  A kobold (D:1)
  A quokka (D:2)
  A ball python (D:1)
  2 giant newts
  A rat (D:2)
29 creatures vanquished.

Notes
Turn   | Place    | Note
--------------------------------------------------------------
     0 | D:1      | Kae, the Draconian Transmuter, began the quest for the Orb.
     0 | D:1      | Reached XP level 1. HP: 16/16 MP: 3/3
   345 | D:1      | Reached XP level 2. HP: 23/23 MP: 2/4
  1144 | D:2      | Reached XP level 3. HP: 28/28 MP: 6/6
  1493 | D:3      | Reached skill level 4 in Unarmed Combat
  1497 | D:3      | Reached XP level 4. HP: 21/35 MP: 5/7
  1507 | D:3      | HP: 1/35 [something (1)]
  1516 | D:3      | Slain by an orc wizard

Action                   |  1- 3 |  4- 6 || total
-------------------------+-------+-------++-------
Melee: Unarmed           |   107 |     7 ||   114
 Cast: Beastly Appendage |    13 |       ||    13
  Use: Potion            |       |     4 ||     4
